Cogmind - Beta 10.1 @@@ ROGUE MODE // 2020.10.06 @ 14:17:22 Player: Cracklepappy Result: Destroyed by 8R-AWN with 8R-AWN's Boregun Performance ------------- Evolutions (0) 0 Regions Visited (3) 600 Robots Destroyed (33) 165 Value Destroyed (582) 582 Prototype IDs (27) 540 Alien Tech Used (0) 0 Bonus (283) 283 TOTAL SCORE: 2170 Bonus ------- High Alert Combat Kills 6 Follower Combat Kills 7 Aligned with FarCom 300 Friendly Fire -30 Cogmind --------- Core Integrity 0/250 Matter 150/300 Energy 150/150 System Corruption 0% Temperature Cool (0) Movement Rolling (150) Ox7 Location -10/Exiles Parts ------- > --- POWER (1) -------- Light Angular Momentum Engine > --- PROPULSION (2) --- Wheel > --- UTILITY (2) ------ High-capacity Storage Unit High-capacity Storage Unit > --- WEAPON (2) ------- Longsword +1 > --- INVENTORY (20) --- Wheel Improved Heat Sink Large Storage Unit High-capacity Battery (400) High-capacity Matter Pod (200) Firepult Assault Rifle Light Assault Rifle Light Assault Rifle Datajack Mining Laser Peak State ------------ > --- POWER ------------ Ion Engine > --- PROPULSION ------- Light Treads > --- UTILITY ---------- High-capacity Storage Unit High-capacity Storage Unit > --- WEAPON ----------- Firepult > --- INVENTORY -------- Light Nuclear Core Light Angular Momentum Engine Wheel Wheel Wheel Improved Heat Sink Large Storage Unit High-capacity Battery High-capacity Matter Pod Assault Rifle Light Assault Rifle Light Assault Rifle Datajack Mining Laser Longsword +1 [Rating: 27] Favorites ----------- Power Ion Engine Engine Ion Engine Power Core Light Nuclear Core Propulsion Light Treads Treads Light Treads Wheel Wheel Utility High-capacity Storage Unit Device Heat Sink Storage High-capacity Storage Unit Weapon Assault Rifle Energy Gun Medium Laser Energy Cannon Firepult Ballistic Gun Assault Rifle Launcher Grenade Launcher Slashing Weapon Longsword +1 Build | -11 -10 -10 -10 ------- Run | Scr Mat Min Exi Slots Evolved . | . . . . Power . | . . . . Propulsion . | . . . . Utility . | . . . . Weapon . | . . . . Parts Attached 36 | 6 16 1 13 Power 5 | 1 1 . 3 Engine 4 | 1 1 . 2 Core 1 | . . . 1 Reactor . | . . . . Propulsion 6 | 2 . . 4 Treads 3 | 1 . . 2 Leg . | . . . . Wheel 3 | 1 . . 2 Hover . | . . . . Flight . | . . . . Utility 8 | 1 5 . 2 Device 1 | . 1 . . Storage 7 | 1 4 . 2 Processor . | . . . . Hackware . | . . . . Protection . | . . . . Artifact . | . . . . Weapon 17 | 2 10 1 4 Energy Gun 3 | 1 2 . . Energy Cannon 2 | . . . 2 Ballistic Gun 7 | 1 5 1 . Ballistic Cannon . | . . . . Launcher 4 | . 3 . 1 Special Weapon . | . . . . Impact Weapon . | . . . . Slashing Weapon 1 | . . . 1 Piercing Weapon . | . . . . Special Melee Weapon . | . . . . Unidentified Prototypes . | . . . . Parts Lost 9 | . 2 1 6 Power 3 | . 1 . 2 Propulsion 2 | . . . 2 Utility . | . . . . Weapon 4 | . 1 1 2 Highest Loss Streak 4 | . 1 1 4 Average Slot Usage (%) 97 | . 96 100 97 Engine 13 | . 12 14 13 Treads 14 | . 14 14 14 Wheel 13 | . 14 14 13 Device 1 | . 3 . . Storage 26 | . 23 28 28 Ballistic Gun 25 | . 25 28 24 Naked Turns . | . . . . Heaviest Build 91 | 11 58 57 91 Greatest Support 40 | 20 20 10 40 Greatest Overweight (x) 9 | . 5 5 9 Average Overweight (x) 4 | . 2 5 6 Largest Inventory Capacity 20 | 6 18 18 20 Average Capacity 15 | 5 12 18 19 Most Carried 20 | 6 15 18 20 Average Carried 14 | 3 10 17 17 Final Capacity 20 | 6 18 18 20 Final Carried 18 | 6 15 18 12 Class Distribution -------------------- 73% | Mutant 26% | Hauler-Mutant Dominant Class ---------------- Mutant | -10/Materials Mutant | -10/Mines Hauler-Mutant | -10/Exiles Resources | -11 -10 -10 -10 ----------- Run | Scr Mat Min Exi Matter Collected 1014 | 296 310 328 80 Remotely . | . . . . Salvage Created 876 | 134 538 199 5 Parts 56 | 4 37 15 . Haulers Intercepted 2 | . 2 . . Recyclers Shooed 1 | . 1 . . Parts Field Recycled . | . . . . Retrieved Matter . | . . . . Parts Self-Destructed . | . . . . Prevented . | . . . . Kills | -11 -10 -10 -10 ------- Run | Scr Mat Min Exi Combat Hostiles Destroyed 25 | . 14 7 4 Guns 18 | . 11 7 . AOE 7 | . 3 . 4 Classes Destroyed 8 | 2 4 1 1 Tunneler 2 | 2 . . . Hauler 2 | . 2 . . Recycler 1 | 1 . . . Watcher 2 | . 2 . . Swarmer 11 | . 6 5 . Grunt 10 | . 8 2 . Zionite 1 | . . 1 . Assembled 4 | . . . 4 Best Kill Streak 6 | 2 6 2 4 Combat Bots Only 6 | . 6 2 4 Max Kills in Single Turn 2 | 1 2 1 1 Gunslinging 1 | . 1 . . Exploded 2 | . 2 . 1 Melee . | . . . . Uniques/NPCs Destroyed . | . . . . Combat | -11 -10 -10 -10 -------- Run | Scr Mat Min Exi Damage Taken 1473 | . 548 177 748 Core 265 | . 110 32 123 Absorbed by Shields . | . . . . Core Remaining (%) 100 | 100 . . . Volleys Fired 93 | 12 56 17 8 Largest 2 | 2 2 2 1 Hottest 250 | 70 70 40 250 Shots Fired 170 | 24 105 33 8 Gun 157 | 24 100 33 . Cannon 1 | . . . 1 Launcher 12 | . 5 . 7 Special . | . . . . Kinetic 133 | 12 88 33 . Thermal 25 | 12 12 . 1 Explosive 12 | . 5 . 7 Electromagnetic . | . . . . Robot Hit Streak 12 | 7 12 10 3 Robot Miss Streak 6 | 1 6 2 2 Penetration Max . | . . . . Secondary Targets 4 | . 2 2 . Max Gunslinging Chain 1 | . 1 1 . Shots Hit Robots 121 | 17 67 19 18 Core Hits 58 | 4 31 11 12 Critical Hits 2 | . 1 . 1 Critical Kills 1 | . 1 . . Critical Parts Destroyed . | . . . . Melee Attacks 15 | . . . 15 Impact . | . . . . Slashing 15 | . . . 15 Piercing . | . . . . Sneak Attacks . | . . . . Combat Hostiles . | . . . . Follow-up Attacks . | . . . . Damage Inflicted 2355 | 225 950 269 911 Guns 1145 | 225 651 269 . Cannons 24 | . . . 24 Explosions 544 | . 299 . 245 Melee 642 | . . . 642 Ramming . | . . . . Kinetic 930 | 112 549 269 . Thermal 339 | 113 185 . 41 Explosive 444 | . 216 . 228 Electromagnetic . | . . . . Impact . | . . . . Slashing 642 | . . . 642 Piercing . | . . . . Highest Corruption . | . . . . Average Corruption . | . . . . Corruption Purged . | . . . . Overload Shots . | . . . . Overflow Damage 76 | . 43 . 33 Projectiles . | . . . . Explosions 76 | . 43 . 33 Melee . | . . . . Knockbacks . | . . . . Impact . | . . . . Kinetic . | . . . . Secondary . | . . . . Self-Inflicted Damage 175 | . 77 . 98 Shots 5 | . 2 . 3 Rammed . | . . . . Targets Rammed . | . . . . Kicked . | . . . . Crushed . | . . . . Highest Temperature 210 | 27 69 2 210 Average Temperature 32 | 12 22 2 109 Received Heat Transfer 267 | . 207 60 . Siege Activations . | . . . . Robots Corrupted . | . . . . Combat Hostiles . | . . . . Parts Fried . | . . . . Impact Corruptions . | . . . . Robots Melted . | . . . . Combat Hostiles . | . . . . Parts Melted 1 | 1 . . . Heat Transferred 839 | 333 346 . 160 Parts Sabotaged . | . . . . Parts Stolen . | . . . . Parts Stripped . | . . . . Power Chain Reactions . | . . . . Missiles Intercepted . | . . . . Alert | -11 -10 -10 -10 ------- Run | Scr Mat Min Exi Peak Influence 463 | 15 463 302 . Initial 109 | . 9 109 . Average 211 | 6 275 164 . Maximum Alert Level 2 | . 2 1 . Low Security (%) 40 | 100 16 61 . Level 1 54 | . 74 38 . Level 2 4 | . 8 . . Level 3 . | . . . . Level 4 . | . . . . Level 5 . | . . . . High Security . | . . . . Max Security . | . . . . Squads Dispatched 4 | . 4 . . Investigation 2 | . 2 . . Extermination . | . . . . Reinforcement 2 | . 2 . . Assault . | . . . . Garrison . | . . . . Intercept . | . . . . Construction Impeded . | . . . . Haulers Reinforced . | . . . . Stealth | -11 -10 -10 -10 --------- Run | Scr Mat Min Exi Distress Signals 4 | . 4 . . Communications Jammed . | . . . . Distress Signals . | . . . . Times Spotted 46 | . 32 9 5 Peak Tracking Total 9 | . 7 3 9 Tactical Retreats 4 | . 3 1 . Traps | -11 -10 -10 -10 ------- Run | Scr Mat Min Exi Traps Triggered . | . . . . Indirectly . | . . . . Trap Hack Attempts . | . . . . Triggered . | . . . . Disarmed . | . . . . Reprogrammed . | . . . . Reused . | . . . . Traps Extracted . | . . . . Installed . | . . . . Triggered . | . . . . Exploded 3 | . . . 3 Machines | -11 -10 -10 -10 ---------- Run | Scr Mat Min Exi Machines Disabled 11 | . 4 1 6 Max in Single Turn 4 | . 4 . 3 Machines Sabotaged . | . . . . Garrisons Compromised . | . . . . Overloaded Fab Kills . | . . . . Fab Network Shutdowns . | . . . . Hacking | -11 -10 -10 -10 --------- Run | Scr Mat Min Exi Machines Accessed 9 | . 7 . 2 Terminals 5 | . 5 . . Fabricators . | . . . . Repair Stations . | . . . . Recycling Units 2 | . 2 . . Scanalyzers . | . . . . Garrison Access . | . . . . Total Hacks 25 | . 23 . 2 Successful 16 | . 14 . 2 Failed 9 | . 9 . . Catastrophic 1 | . 1 . . Database Lockouts . | . . . . Manual 8 | . 7 . 1 Terminals 21 | . 21 . . Fabricators . | . . . . Repair Stations . | . . . . Recycling Units 2 | . 2 . . Scanalyzers . | . . . . Garrison Access . | . . . . Terminal Hacks 12 | . 10 . 2 Record 1 | . . . 1 Part Schematic 1 | . 1 . . Robot Analysis 1 | . 1 . . Prototype ID Bank 2 | . 2 . . Locate Traps 2 | . 2 . . Hauler Manifests 2 | . 2 . . Registered Components 1 | . 1 . . Zone Layout 1 | . 1 . . EX-Prototype ID Bank 1 | . . . 1 Fabricator Hacks . | . . . . Repair Station Hacks . | . . . . Recycling Unit Hacks . | . . . . Scanalyzer . | . . . . Garrison Access Hacks . | . . . . Unauthorized Hacks 4 | . 4 . . Terminals 2 | . 2 . . Operators 2 | . 2 . . Fabricators . | . . . . Repair Stations . | . . . . Recycling Units 2 | . 2 . . Tunnel 2 | . 2 . . Scanalyzers . | . . . . Garrison Access . | . . . . Data Cores Recovered . | . . . . Used . | . . . . Hacking Detections 5 | . 5 . . Full Trace Events . | . . . . Feedback Events . | . . . . Feedback Blocked . | . . . . Robot Schematics Acquired . | . . . . Robots Built . | . . . . Matter . | . . . . Time . | . . . . Total Robot Build Rating . | . . . . Part Schematics Acquired 1 | . 1 . . Parts Built . | . . . . Matter . | . . . . Time . | . . . . Total Part Build Rating . | . . . . Parts Repaired . | . . . . Time . | . . . . Parts Recycled . | . . . . Recycled Matter . | . . . . Retrieved Matter . | . . . . Retrieved Components . | . . . . Parts Scanalyzed . | . . . . Part Schematics Acquired . | . . . . Parts Damaged . | . . . . Bothacking | -11 -10 -10 -10 ------------ Run | Scr Mat Min Exi Used RIF Installer . | . . . . Robots Hacked . | . . . . Non-combat . | . . . . Combat . | . . . . Robot Hacks Applied . | . . . . Relay Couplers Released . | . . . . Robots Rewired . | . . . . Allies Hacked . | . . . . Hacks Repelled . | . . . . Allies | -11 -10 -10 -10 -------- Run | Scr Mat Min Exi Total Allies 2 | . . 2 . Largest Group 2 | . . 2 . Highest-Rated Group 39 | . . 39 . Highest-Rated Ally 31 | . . 31 . Total Orders . | . . . . Ally Attacks 7 | . . 7 . Total Damage 83 | . . 83 . Kills 1 | . . 1 . Allies Corrupted . | . . . . Allies Melted . | . . . . Intel | -11 -10 -10 -10 ------- Run | Scr Mat Min Exi Robot Analysis Total 1 | . 1 . . Derelict Logs Recovered 3 | . . 3 . Drone Launches . | . . . . Drone Recoveries . | . . . . Exploration | -11 -10 -10 -10 ------------- Run | Scr Mat Min Exi Turns Passed 2987 | 157 1063 747 1020 Spaces Moved 1841 | 67 627 511 636 Core 1 | 1 . . . Treads 127 | 65 56 . 6 Legs . | . . . . Wheels 1713 | 1 571 511 630 Hover . | . . . . Flight . | . . . . Fastest Speed 50 | 50 80 130 130 Average Speed 130 | 157 111 130 146 Slowest Speed 180 | 160 160 130 180 Overloaded Moves . | . . . . Propulsion Burnouts . | . . . . Robots Hopped . | . . . . Cave-ins Triggered . | . . . . Exploration Rate (%) 67 | 5 97 98 71 Regions Visited 3 Branch Regions 2 Pre-discovered Areas 3 | . 2 . 1 Known Exits Taken . | . . . . Unknown Exits Taken 3 | 1 1 1 . Scrap Searched 1 | . . 1 . Spaces Dug . | . . . . Terrain Destroyed 74 | . 41 . 33 Melee . | . . . . Projectile . | . . . . AOE 74 | . 41 . 33 Terrain Rammed . | . . . . Walls Destroyed . | . . . . Machines Disabled . | . . . . Actions | -11 -10 -10 -10 --------- Run | Scr Mat Min Exi Total 2250 | 93 890 561 706 Wait 219 | . 173 29 17 Move 1838 | 66 626 510 636 Hop . | . . . . Pick Up 30 | 8 12 4 6 Fast Attach 7 | 5 2 . . Attach 11 | 1 2 1 7 Detach 2 | . . . 2 Swap 18 | . 12 . 6 Drop 17 | 1 7 . 9 Fire 93 | 12 56 17 8 Melee 15 | . . . 15 Ram . | . . . . Kick . | . . . . Crush . | . . . . Escape Stasis . | . . . . Rewire . | . . . . Trap . | . . . . Miscellaneous . | . . . . Route ------- -11/Scrapyard -10/Materials (discovered 4 exits: [*Mat x3] / [*Min]) -10/Mines (discovered 3 exits: [*Mat x2] / *Exi) -10/Exiles (discovered 1 exit: [*Min]) History --------- Turn | Location | Event 18 | -11/Scrapyard | Discovered new exit (range 15) 158 | -11/Scrapyard | Entered Materials 312 | -10/Materials | Build established: Mutant 556 | -10/Materials | Discovered new exit (range 5) 624 | -10/Materials | Discovered new exit (range 11) 749 | -10/Materials | Discovered new exit (range 16) 1011 | -10/Materials | Discovered new exit (range 16) 1221 | -10/Materials | Entered Mines 1296 | -10/Mines | Learned Materials emergency access door positions 1326 | -10/Mines | Core integrity fell below 50% 1396 | -10/Mines | Discovered new exit (range 15) 1398 | -10/Mines | Learned Materials security intel 1527 | -10/Mines | Discovered new exit (range 10) 1717 | -10/Mines | Deemed a non-threat by the Exiles lab entrance 1717 | -10/Mines | Discovered new exit (range 5) 1968 | -10/Mines | Entered Exiles 2000 | -10/Exiles | Met 8R-AWN 2019 | -10/Exiles | Met EX-HEX 2083 | -10/Exiles | Met EX-DEC 2128 | -10/Exiles | Learned location of Zion (-6) 2357 | -10/Exiles | Discovered new exit (range 10) 2469 | -10/Exiles | Build established: Hauler-Mutant 2475 | -10/Exiles | Met EX-BIN 2675 | -10/Exiles | Aligned with FarCom system 2676 | -10/Exiles | Given EX-Vault access code 2712 | -10/Exiles | Opened EX-Vault 2720 | -10/Exiles | Found Longsword +1 2723 | -10/Exiles | Found Firepult 2754 | -10/Exiles | Warned to stay clear of 0b10 Research branches 2835 | -10/Exiles | Attacked by the Exiles 2957 | -10/Exiles | Core integrity fell below 20% 2988 | -10/Exiles | Destroyed by 8R-AWN with 8R-AWN's Boregun Last Messages --------------- 02960_ HV Slug penetrates Wall. 02964_ Penetrated by HV Slug. 02964_ HV Slug penetrates Wall. 02964_ Penetrated by HV Slug. 02964_ HV Slug penetrates Wall. 02967_ Penetrated by HV Slug. 02967_ HV Slug penetrates Earth. 02967_ HV Slug penetrates Wall. 02969_ 8R-AWN Prototype Ballistic Gun severed. 02969_ Penetrated by HV Slug. 02969_ Lgt. Treads destroyed. 02969_ HV Slug penetrates Earth. 02976_ Penetrated by HV Slug. 02977_ Critical hit. 02977_ Lgt. Nuclear Core destroyed. 02979_ Penetrated by HV Slug. 02983_ HV Slug penetrates Machine. 02983_ Machine disabled. 02983_ HV Slug penetrates Machine. 02985_ Penetrated by HV Slug. Map ----- +----------------------------------------------------+ | ?????????????????????????????????????????????? | | ?????????????????????????????????????????????? | | ?????????????????????????????????????????????? | | ?????????????????????????????????????????????? | | ?????????????????????????????????????????????? | | ?????????????????????????????????????????????? | | ?????????????????????????????????????????????? | | ?????????????????????????????????????????????? | | ?????????????????????????????????????????????? | | ?????????????????????#???????????????????????? | | ????????????????????? ???????????????????????? | | ????????????????????# #??????????????????????? | | ????????????????##### #??????????????????????? | | ???????????????## #;#??????????????????????? | | ???????????????# ;#??????????????????????? | | ???????????????# < ;#??????????????????????? | | ???????????????# ;##?????????????????????? | | ???????????????# **#?????????????????????? | | ???????????????# ##?????????????????????? | | ???????????????## #??????????????????????? | | ????????????????# ##?????????????????????? | | ????????????????## #????????????#######??? | | ?????????????????# [ #######??????#!!! "#??? | | ?????????????????# # "##?????# "#??? | | ?????????????????## #?????# "#??? | | ??????????????????## @ ##???## ##?? | | ??????????????????#" g #### " "#?? | | ??????????????????#### ##?? | | ?????????????????????## "#?? | | ??????????????????????#"## #??? | | ??????????????????????####### ###?? | | ???????????????????????????## #?? | | ??????????????????????###### "#?? | | ??????????????????????# !!"" ##? | | ??????????????????????#! "# | | ??????????????????????#! | | ??????????????????????#! #" %% | | ??????????????????????# !"""" ## #"# | | ??????????????????????####### ########### | | ????????????????????????????##??????????### | | ??????????????????????????????????????????### | | ????????????????????????????????????????????## | | ?????????????????????????????????????????????# | | ?????????????????????????????????????????????? | | ?????????????????????????????????????????????? | | ?????????????????????????????????????????????? | | ?????????????????????????????????????????????? | | ?????????????????????????????????????????????? | | ?????????????????????????????????????????????# | | ?????????????????????????????????????????????# | +----------------------------------------------------+ Best States ------------- Heat Dissipation 35 Energy Generation 14 Energy Capacity 250 Matter Stores 300 Matter Capacity 300 Sight Range 16 Terrain Scan Density 10 Evasion (%) 44 Recoil Reduction 2 Item Schematics ----------------- Hcp. Storage Unit | -10/Materials | Hacked Robot Schematics ------------------ None Fabricated ------------ Nothing Alien Tech Used ----------------- None Achievements -------------- None Challenges ------------ None Game ------ Seed EnhancedFlakAutohacker Manual? 0 Play Time 00:19:47 Cumulative 202.5 hours Start 2020.10.06 @ 13:45:54 End 2020.10.06 @ 14:17:22 Sessions 1 Manual Loads 0 Difficulty Rogue Special Mode None Game No. 226 Rogue 226 Adventurer 0 Explorer 0 Win Type - Total 2 Types 2/0/0/0/0/0/0/0/0 Lore% 61 Gallery% 75 Achievement% 58 Wizard Run 0 Options --------- ASCII 0 Keyboard 0 Movement Numpad Keybinds 0 Fullscreen 2 Font 24/Smallcaps Map View 76x50 Tactical HUD 1 Map Filters NONE Filters NONE Steam 1 RUN: 6a2df14f-f27b-4459-b042-bd312dc53c0b